 Dungeon Crawl Stone Soup version 0.31-a0-369-g8eba5f6939 (webtiles) character file.

Game seed: 5068271805808681439

28614 testman the Grappler (level 13, -11/130 HPs)
             Began as a Troll Shapeshifter on July 28, 2023.
             Was a High Priest of Okawaru.
             Mangled by a blink frog (13 damage)
             ... on level 3 of the Lair of Beasts.
             The game lasted 00:52:39 (10392 turns).

testman the Grappler (Troll Shapeshifter)          Turns: 10392, Time: 00:52:39

Health: -11/130    AC:  4    Str: 39    XL:     13   Next: 10%
Magic:  18/19      EV: 13    Int:  4    God:    Okawaru [*****.]
Gold:   831        SH: 11    Dex: 13    Spells: 12/12 levels left

rFire   . .          .
                       - Unarmed
rCold   . . .        h - +0 kite shield
rNeg    . . .        x - +0 animal skin "Ezysid" {rPois Str+3 Dex+3}
rPois   +            (helmet currently unavailable)
rElec   .            (cloak currently unavailable)
rCorr   .            (gloves unavailable)
SInv    .            (boots unavailable)
Will    +....        U - amulet of the acrobat
Stlth   +++          g - +6 ring of strength
HPRegen 1.21/turn    i - ring of willpower
MPRegen 0.16/turn

%: acrobat
@: beast-form, heroic
A: beast (slay +6), large, unfitting armour, claws 3, regeneration 1, shaggy fur
1, tough skin 1
a: Begin Untransformation, Renounce Religion, Heroism, Finesse, Duel


You were on level 3 of the Lair of Beasts.
You worshipped Okawaru.
Okawaru was extremely pleased with you.
You were a hulking beast.
You visited 2 branches of the dungeon, and saw 13 of its levels.
You also visited: Ossuary.

You collected 915 gold pieces.
You spent 84 gold pieces at shops.

Inventory:

Missiles
 o - 30 poisoned darts (quivered)
 F - 6 javelins
 R - a throwing net
 T - 6 curare-tipped darts
 W - 3 large rocks
Armour
 h - a +0 kite shield (worn)
 m - a +2 hat
 t - a +0 cloak
 x - the +0 animal skin "Ezysid" (worn) {rPois Str+3 Dex+3}
   (Okawaru gifted it to you on level 7 of the Dungeon)

   Str:       It affects your strength (+3).
   Dex:       It affects your dexterity (+3).
   rPois:     It protects you from poison.
 I - +0 steam dragon scales
Jewellery
 g - a +6 ring of strength (left claw)
 i - a ring of willpower (right claw)
 C - a ring of wizardry
 P - a ring of ice
 U - an amulet of the acrobat (around neck)
 V - a ring of magical power
Talismans
 c - a beast talisman
 A - a talisman of death
Wands
 s - a wand of flame (19)
 L - a wand of roots (17)
 M - a wand of paralysis (14)
Scrolls
 a - 2 scrolls of torment
 e - a scroll of fear
 k - 4 scrolls of fog
 l - 4 scrolls of revelation
 n - 5 scrolls of teleportation
 q - 2 scrolls of brand weapon
 w - 6 scrolls of vulnerability
 y - 4 scrolls of amnesia
 B - a scroll of blinking
 E - 2 scrolls of poison
 J - a scroll of butterflies
 K - a scroll of enchant weapon
 N - a scroll of immolation
 Q - 4 scrolls of identify
Potions
 b - 2 potions of lignification
 d - 5 potions of attraction
 f - 3 potions of curing
 j - 4 potions of heal wounds
 p - a potion of mutation
 r - a potion of berserk rage
 u - 3 potions of might
 v - a potion of haste
 z - 3 potions of brilliance
 D - 3 potions of cancellation
 G - 3 potions of enlightenment
 H - 2 potions of degeneration
 O - a potion of invisibility
Miscellaneous
 S - a condenser vane


   Skills:
 + Level 8.9(13.9) Fighting
 + Level 5.0(10.0) Throwing
 - Level 4.5(9.5) Dodging
 - Level 4.0(9.0) Shields
 + Level 10.9(15.9) Unarmed Combat
 + Level 9.5 Invocations
 + Level 9.3 Shapeshifting


You had 12 spell levels left.
You didn't know any spells.
Your spell library contained the following spells:

 Spells                   Type           Power      Damage    Failure   Level
 Freeze                   Ice            0%         1d3       63%         1
 Frozen Ramparts          Ice            0%         1d1       94%         3
 Hailstorm                Conj/Ice       0%         3d3       94%         3
 Stone Arrow              Conj/Erth      0%         3d7       94%         3
 Vhi's Electric Charge    Tloc/Air       0%         N/A       94%         3
 Arcjolt                  Conj/Air       0%         1d10      100%        5
 Lehudib's Crystal Spear  Conj/Erth      0%         10d2      100%        8
 Maxwell's Capacitive Co  Air            0%         ∞         100%        8
 Animate Armour           Summ/Erth      Unusable   N/A       N/A         4

Dungeon Overview and Level Annotations

Branches:
Dungeon (10/15)            Temple (0/1) D:7            Lair (3/5) D:8
 Shoals (0/4) Lair:2          Orc (0/2) D:9         Ossuary (visited)
  Snake: Lair:2-3    Spider: Lair:2-3

Altars:
Cheibriados
Kikubaaqudgha
Okawaru
Wu Jian
Yredelemnul

Shops:
D:6 [!   D:8 =!


Innate Abilities, Weirdness & Mutations

You are a hulking beast.
Your limbs bulge with bestial killing power. (Slay +6)
You are too large for most types of armour.
You have claws for hands.
Your natural rate of healing is unusually fast.
You are covered in fur. (AC +1)
You have tough skin. (AC +1)


Message History

The blink frog misses you.
You mangle the blink frog!!
You kill the blink frog!
Okawaru accepts your kill.
Throw: 4 large rocks
Press: ? - help, Shift-Dir - straight line, f - six-headed hydra
Aim: a six-headed hydra (85% to hit)
You throw a large rock.
The large rock hits the six-headed hydra!!!
The six-headed hydra is severely wounded.
You hear a loud, deep croak!
You hear a croak.
You hear a trumpeting!
The six-headed hydra bites you! x2; The six-headed hydra misses you.
You block the six-headed hydra's attack. x2
The six-headed hydra bites you but does no damage.
The blink frog blinks!
A bullfrog comes into view.
The six-headed hydra bites you.
The six-headed hydra closely misses you.
The six-headed hydra bites you.
You block the six-headed hydra's attack.
The six-headed hydra bites you!
* * * LOW HITPOINT WARNING * * *
You block the six-headed hydra's attack.
You hear a trumpeting!
You hear an angry hiss.
You tear one of the six-headed hydra's heads off!
The five-headed hydra grows two more!
You eviscerate the seven-headed hydra!!!
You kill the seven-headed hydra!
Okawaru is honoured by your kill. The blink frog hits you!
* * * LOW HITPOINT WARNING * * *
The blink frog closely misses you.
Your base Throwing skill increases to level 5!
You scratch the blink frog but do no damage.
The blink frog hits you!
* * * LOW HITPOINT WARNING * * *
You claw the blink frog!
The blink frog is moderately wounded.
The blink frog hits you!
You die...

.... #....#
......>####.....
.....#.....).....
#.... #....P..<##
#... #........# ...#
##.^....## # ## #..#
##..).## $##..#.##F##
##.....# #....F.(h.P#
##....###
#.#######.####....#.#
## #.###.....### #.
#.##...#### ##.
#......# #.. #......#
### #.....## #
#####...### #
.........##


You could see a blink frog and a bullfrog.

Vanquished Creatures
  Harold (D:9)
  An ogre mage (D:10)
  Erica (Lair:2)
  4 hydras
  2 two-headed ogres (D:9)
  A boulder beetle (D:10)
  A centaur warrior (D:9)
  3 death yaks (Lair:2)
  A harpy (shapeshifter) (D:10)
  Pikel (D:7)
  A manticore (D:9)
  A merfolk siren (Lair:2)
  Joseph (D:8)
  An elephant (Lair:3)
  3 black mambas
  6 komodo dragons
  3 cane toads
  A rime drake (Lair:1)
  An unseen horror (D:10)
  A troll (D:10)
  3 merfolk (Lair:2)
  Grinder (D:3)
  A hornet (D:9)
  6 blink frogs
  Sigmund (D:4)
  A spriggan (D:9)
  A wraith (D:10)
  A wyvern (D:10)
  20 yaks
  Eustachio (D:4)
  A basilisk (D:10)
  2 steam dragons
  An acid dragon (D:9)
  Duvessa (D:5)
  5 water moccasins
  7 orc warriors
  Pargi (D:4)
  2 ice beasts
  A sky beast (D:7)
  13 wolves (Lair:2)
  3 ogres
  5 centaurs
  3 kobold brigands
  A phantom (D:7)
  3 bullfrogs
  A gnoll sergeant (D:9)
  2 scorpions
  3 wyvern zombies (Ossuary)
  2 water moccasin zombies (Ossuary)
  15 wights
  Dowan (D:5)
  5 killer bees
  4 bullfrog zombies (Ossuary)
  3 centaur zombies (Ossuary)
  3 hounds
  5 orc priests
  Crazy Yiuf (D:3)
  3 jellies
  3 sleepcaps
  A gnoll bouda (D:6)
  20 mummies
  Jessica (D:2)
  9 iguanas
  Natasha (thrice) (D:4)
  18 orc wizards
  4 hell rats (Lair:1)
  4 killer bee zombies (Ossuary)
  2 howler monkey zombies (Ossuary)
  Robin (D:3)
  14 gnolls
  16 adders
  2 river rats (Lair:1)
  3 white imps
  2 ufetubi
  3 worms
  4 dart slugs
  47 orcs
  4 bats
  8 endoplasms
  2 giant cockroaches
  11 goblins
  17 hobgoblins
  8 jackals (D:2)
  17 kobolds
  4 quokkas
  10 ball pythons
  4 frilled lizards
  11 rats
421 creatures vanquished.

Notes
Turn   | Place    | Note
-------+----------+-------------------------------------------
     0 | D:1      | testman the Troll Shapeshifter began the quest for the Orb.
     0 | D:1      | Reached XP level 1. HP: 18/18 MP: 0/0
    80 | D:1      | Reached skill level 1 in Fighting
    87 | D:1      | Reached XP level 2. HP: 27/27 MP: 1/1
   184 | D:1      | Found a faded altar of an unknown god.
   200 | D:1      | Prayed at the altar of an unknown god.
   200 | D:1      | Became a worshipper of Warmaster Okawaru
   200 | D:1      | Reached * piety under Okawaru
   445 | D:1      | Reached XP level 3. HP: 33/33 MP: 2/2
   582 | D:2      | Noticed Jessica
   586 | D:2      | Killed Jessica
   587 | D:2      | Reached XP level 4. HP: 41/41 MP: 3/3
   599 | D:2      | Reached skill level 1 in Invocations
   621 | D:2      | Reached skill level 1 in Shields
  1319 | D:3      | Noticed Grinder
  1342 | D:3      | Reached ** piety under Okawaru
  1343 | D:3      | Reached XP level 5. HP: 43/49 MP: 4/4
  1482 | D:3      | Noticed Robin
  1671 | D:3      | Killed Robin
  1672 | D:3      | Reached skill level 4 in Unarmed Combat
  1833 | D:3      | Killed Grinder
  1834 | D:3      | Reached XP level 6. HP: 59/59 MP: 3/6
  2050 | D:3      | Found a runed translucent door.
  2051 | D:3      | Noticed Crazy Yiuf
  2055 | D:3      | Killed Crazy Yiuf
  2055 | D:3      | Reached *** piety under Okawaru
  2168 | D:4      | Reached XP level 7. HP: 30/66 MP: 7/7
  2174 | D:4      | Noticed Natasha
  2193 | D:4      | Killed Natasha
  2237 | D:4      | Noticed Natasha
  2244 | D:4      | Killed Natasha
  2323 | D:4      | Noticed Natasha
  2325 | D:4      | Noticed Eustachio
  2330 | D:4      | Killed Natasha
  2333 | D:4      | Killed Eustachio
  2334 | D:4      | Reached skill level 5 in Unarmed Combat
  2367 | D:4      | Reached **** piety under Okawaru
  2435 | D:4      | Found a sand-covered staircase.
  2444 | Ossuary  | Entered an ossuary
  2463 | Ossuary  | Reached XP level 8. HP: 70/76 MP: 7/9
  2500 | Ossuary  | Reached skill level 5 in Shapeshifting
  2591 | Ossuary  | Reached skill level 6 in Unarmed Combat
  2883 | D:4      | Noticed Pargi
  2888 | D:4      | Killed Pargi
  2888 | D:4      | Reached ***** piety under Okawaru
  3030 | D:4      | Reached XP level 9. HP: 84/85 MP: 11/11
  3252 | D:4      | Noticed Sigmund
  3255 | D:4      | Killed Sigmund
  3256 | D:4      | Reached skill level 5 in Invocations
  3428 | D:5      | Entered Level 5 of the Dungeon
  3640 | D:5      | Noticed Dowan
  3641 | D:5      | Noticed Duvessa
  3649 | D:5      | Killed Dowan
  3650 | D:5      | Reached skill level 5 in Fighting
  3655 | D:5      | Killed Duvessa
  3656 | D:5      | Found a snail-covered altar of Cheibriados.
  4033 | D:5      | Reached skill level 7 in Unarmed Combat
  4171 | D:6      | Found Zat Sagasch's Distillery.
  4203 | D:6      | Bought a potion of enlightenment for 70 gold pieces
  4203 | D:6      | Bought a potion of degeneration for 14 gold pieces
  4259 | D:6      | Found Mopyul Dumu's Armour Boutique.
  5309 | D:7      | Found a staircase to the Ecumenical Temple.
  5393 | D:7      | Identified the +0 animal skin "Ezysid" {rPois Str+3 Dex+3}
                  | (Okawaru gifted it to you on level 7 of the Dungeon)
  5393 | D:7      | Received a gift from Okawaru
  5394 | D:7      | Reached XP level 10. HP: 96/98 MP: 13/13
  5769 | D:7      | Identified the +4 flail "Yrusungodgh" {heavy, Drain rPois
                  | Stlth+}
  5853 | D:8      | Noticed Pikel
  5855 | D:8      | Found Zikhlall's Jewellery Emporium.
  5885 | D:7      | Killed Pikel
  5930 | D:8      | Noticed Joseph
  5941 | D:8      | Paralysed by Joseph for 5 turns
  5948 | D:8      | Killed Joseph
  5949 | D:8      | Reached skill level 8 in Unarmed Combat
  6094 | D:8      | Found Tum Ukuoz's Distillery.
  6106 | D:8      | Found an ancient bone altar of Kikubaaqudgha.
  6189 | D:8      | Found a basalt altar of Yredelemnul.
  6218 | D:8      | Found a staircase to the Lair.
  6280 | D:8      | Found an ornate altar of the Wu Jian Council.
  6662 | D:9      | Noticed a two-headed ogre
  6672 | D:9      | Killed a two-headed ogre
  6927 | D:8      | Reached XP level 11. HP: 58/107 MP: 12/15
  7253 | D:9      | Found a staircase to the Orcish Mines.
  7310 | D:9      | Noticed a centaur warrior
  7318 | D:9      | Killed a centaur warrior
  7332 | D:9      | Reached skill level 9 in Unarmed Combat
  7440 | D:9      | Noticed Harold
  7452 | D:9      | Killed Harold
  7612 | D:9      | Noticed a two-headed ogre
  7617 | D:9      | Killed a two-headed ogre
  7819 | D:10     | Entered Level 10 of the Dungeon
  7971 | D:10     | Received a gift from Okawaru
  8022 | D:10     | Noticed a boulder beetle
  8067 | D:10     | Killed a boulder beetle
  8071 | D:10     | Reached skill level 1 in Throwing
  8090 | D:10     | Noticed a harpy
  8095 | D:10     | Killed a harpy
  8143 | D:10     | Noticed an ogre mage
  8148 | D:10     | Killed an ogre mage
  8226 | D:10     | Reached XP level 12. HP: 112/119 MP: 17/17
  8295 | Lair:1   | Entered Level 1 of the Lair of Beasts
  8519 | Lair:1   | Reached skill level 10 in Unarmed Combat
  8720 | Lair:1   | Noticed a six-headed hydra
  8726 | Lair:1   | Killed a six-headed hydra
  9070 | Lair:1   | You fall into a shaft and drop 1 floor!
  9084 | Lair:2   | Noticed Erica
  9090 | Lair:2   | Killed Erica
  9090 | Lair:2   | Received a gift from Okawaru
  9109 | Lair:2   | Identified the +0 tower shield of Himeischa {rF++ Will-}
                  | (Okawaru gifted it to you on level 2 of the Lair of Beasts)
  9109 | Lair:2   | Received a gift from Okawaru
  9491 | Lair:2   | Noticed a death yak
  9491 | Lair:2   | Noticed a death yak
  9506 | Lair:2   | Noticed a death yak
  9507 | Lair:2   | Killed a death yak
  9516 | Lair:2   | Killed a death yak
  9519 | Lair:2   | Killed a death yak
  9790 | Lair:2   | Identified the +6 rapier of the Warrior-Mage {vamp, Str+2}
  9804 | Lair:2   | Noticed a six-headed hydra
  9812 | Lair:2   | Killed a seven-headed hydra
  9985 | Lair:2   | Found a staircase to the Shoals.
 10246 | Lair:3   | Noticed a five-headed hydra
 10252 | Lair:3   | Killed a five-headed hydra
 10253 | Lair:3   | Reached XP level 13. HP: 61/130 MP: 19/19
 10391 | Lair:3   | Reached skill level 5 in Throwing
 10391 | Lair:3   | HP: 1/130 [blink frog (17)]
 10392 | Lair:3   | Mangled by a blink frog

Illustrated notes

Levels and vault maps discovered:
D:1:      dpeg_arrival_connections, layout_rooms,
          ebering_ecumenical_altar_abandoned, hangedman_decor_riveting
D:2:      layout_loops_ring, serial_bayou_pond_b, uniq_jessica
D:3:      layout_basic, uniq_robin, uniq_grinder, uniq_crazy_yiuf_cottage
D:4:      layout_basic, enter_ossuary_1, kennysheep_windowed_goal, uniq_natasha,
          uniq_sigmund, uniq_pargi, uniq_eustachio
D:5:      layout_basic, slow_altar_2, serial_aquarium, aquarium_bridge_square
          [aquarium_subvault_wall, aquarium_subvault_window,
          aquarium_subvault_bridge, aquarium_subvault_wall],
          aquarium_bridge_long_separate [aquarium_subvault_bridge,
          aquarium_subvault_wall, aquarium_subvault_bridge,
          aquarium_subvault_bridge, aquarium_subvault_bridge,
          aquarium_subvault_window], aquarium_window_fake, aquarium_window_1,
          aquarium_view_2d, corexii_corridor_pit, uniq_duvessa
D:6:      cheibrodos_helix_gallery, layout_loops_ring, serial_shops,
          nicolae_shop_peninsula, nicolae_shop_trees, serial_rivers,
          chequers_serial_rivers_micro_d, chequers_serial_rivers_large_b,
          chequers_serial_rivers_micro_b, chequers_serial_rivers_room_b,
          columned_hall_lemuel
D:7:      layout_basic, minmay_temple_entry_waves
D:8:      layout_rooms, mainiacjoe_overflow_cross_hatched, lemuel_tele_altar,
          amcnicky_altar_gilded, lair_entry_dummy, serial_shops, shop,
          nicolae_shop_statue_plus, chequers_mini_garden, uniq_pikel,
          uniq_joseph
D:9:      kennysheep_blocky_room, layout_gridville, david_orc_4, the_hattery,
          uniq_harold
D:10:     minmay_curly_fans, layout_cave_pools, minitemple
Lair:1:   beast_lair_carwin_large_3, layout_small_grid,
          kennysheep_abandoned_house
Lair:2:   layout_long_grid, elwin_shoals_entry_stream, serial_bayou_pond_c,
          serial_bayou_shore_b, uniq_erica
Lair:3:   layout_concentric_octagons, dummy_snake_entry,
          minmay_shattered_shrine, serial_bayou_shore_b

Skill      XL: |  1  2  3  4  5  6  7  8  9 10 11 12 13 |
---------------+----------------------------------------+-----
Fighting       | 1 2 3 4 5 6 7 8 |  8.9
Invocations    | 1 2 3 4 6 7 8 9 |  9.5
Shields        | 1 2 4 |  4.0
Unarmed Combat | 4 5 6 7 8 9 10 | 10.9
Shapeshifting  | 4 5 6 7 8 9 |  9.3
Dodging        | 2 3 4 |  4.5
Throwing       | 2 4 5 |  5.0

Action                     |  1- 3 |  4- 6 |  7- 9 | 10-12 | 13-15 || total
---------------------------+-------+-------+-------+-------+-------++-------
  Melee: Unarmed           |    55 |   118 |   338 |   533 |    16 ||  1060
  Throw: Dart              |       |       |       |    17 |       ||    17
         Large rock        |       |       |       |    14 |     1 ||    15
         Javelin           |       |       |       |     2 |       ||     2
 Invoke: Heroism           |       |     1 |     6 |    16 |     1 ||    24
         Finesse           |       |       |       |     2 |       ||     2
    Use: Scroll            |       |     9 |    11 |     6 |       ||    26
         Potion            |       |       |       |     1 |       ||     1
   Stab: Distracted        |       |       |     1 |       |       ||     1
         Sleeping          |       |       |     1 |       |       ||     1
 Armour: Animal skin       |    14 |    27 |    49 |    64 |     2 ||   156
         Steam dragon scal |       |       |    21 |       |       ||    21
  Dodge: Dodged            |     7 |    41 |    79 |   244 |     7 ||   378
  Block: Kite shield       |    12 |    41 |   120 |   264 |     9 ||   446

Table legend: (Time is in decaauts)
 A = Elapsed time spent in this place.
 B = Non-inter-level travel time spent in this place.
 C = Inter-level travel time spent in this place.
 D = Time resting spent in this place.
 E = Time spent auto-exploring this place.
 F = Levels seen in this place.
 G = Mean time per level.
                   A        B        C        D        E       F      G
               +--------+--------+--------+--------+--------+-----+--------+
         Total |  10325 |   9816 |    509 |    745 |   6393 |  14 |  737.5 |
       Dungeon |   7960 |   7503 |    457 |    617 |   4874 |  10 |  796.0 |
          Lair |   2007 |   1955 |     52 |    128 |   1378 |   3 |  669.0 |
       Ossuary |    357 |    357 |      0 |      0 |    141 |   1 |  357.0 |
               +--------+--------+--------+--------+--------+-----+--------+

Top non-repeatable levels by time:
  Lair:2: 1127 daAuts
     D:9: 1018 daAuts
     D:8: 994 daAuts
     D:6: 943 daAuts
     D:4: 924 daAuts
     D:2: 865 daAuts
     D:7: 836 daAuts
     D:5: 740 daAuts
     D:3: 720 daAuts
  Lair:1: 691 daAuts
     D:1: 561 daAuts
 Ossuary: 357 daAuts
    D:10: 353 daAuts
  Lair:3: 188 daAuts
